Description

SortOf opening after 5.0.16 patch

Replay - 2026-06-23 - (Z)SortOf VS (T)llllllllllll

Build Order

Get SALT Encoding   

  8  0:00  Drone  
  9  0:12  Drone x2  
  11  0:22  Drone  
  12  0:33  Overlord  
  12  0:42  Extractor, Drone  
  13  0:52  Drone x2  
  15  1:01  Drone  
  16  1:10  Drone  
  17  1:12  Spawning Pool  
  16  1:20  Drone  
  17  1:35  Hatchery  
  17  1:43  Extractor  
  17  1:52  Overlord  
  17  2:01  Queen  
  20  2:10  Zergling x2  
  23  2:37  Queen  
  23  2:42  Overlord  
  27  2:54  Metabolic Boost  
  31  3:14  Evolution Chamber  
  30  3:21  Zergling x2  
  30  3:23  Hatchery  
  33  3:27  Zergling x4  
  33  3:33  Overlord  
  36  3:44  Queen  
  38  3:49  Overlord  
  38  3:51  Zergling x2  
  43  4:05  Queen  
  47  4:20  Zergling x4  
  56  4:35  Lair  
  55  4:39  Zergling x2  
  57  4:49  Extractor, Baneling Nest  
Spawning Tool Build Advisor. Get it on Overwolf

Go to:

Details

  • Created by: StoicLoofah
  • Published on: Jun 25, 2026
  • Patch: 5.0.16
  • Difficulty: Medium
Show
View Real Time Build Order
Export as new Build Order

Comments (1)

On June 25, 2026, 3:02 a.m., aegirovik  said:

What units other than the banelings and zerglings should be built?

Create an account to comment!